Map: Dusty Gorge

Players

Cthulhu

  • Race: Protoss Protoss
  • Spawn Location: 9:00

Throwfordays

  • Race: Protoss Protoss
  • League: Bronze
  • Spawn Location: 11:00

XxDepravity - Winner!

  • Race: Zerg Zerg
  • League: Gold
  • Spawn Location: 5:00

Nightmare - Winner!

  • Race: Protoss Protoss
  • Spawn Location: 3:00

VOD

Have the link to the VOD?

Description

Time

  • Played on: Jan. 27, 2019, 9 p.m.
  • Length: 13:23
Show
View Real Time Build Order
Export as new Build Order

Cthulhu Protoss 

Build Orders:  

Get SALT Encoding   

  12  0:00  Probe  
  13  0:08  Probe  
  14  0:26  Probe  
  15  0:54  Pylon  
  15  1:12  Probe  
  15  1:13  Nexus  
  16  1:27  Pylon  
  16  1:32  Probe  
  17  1:43  Gateway  
  17  1:47  Forge  
  17  1:54  Assimilator  
  17  1:55  Pylon  
  17  2:32  Zealot  
  19  2:37  Cybernetics Core  
  19  2:41  Pylon  
  19  2:44  Pylon  
  19  2:46  Probe  
  19  2:48  Photon Cannon  
  19  2:49  Probe  
  20  2:54  Probe  
  20  3:04  Zealot, Probe  
  23  3:08  Probe  
  25  3:16  Probe  
  26  3:22  Probe  
  26  3:25  Probe  
  27  3:30  Probe  
  27  3:33  Probe  
  28  3:39  Stargate  
  28  3:40  Probe  
  30  3:41  Assimilator  
  30  3:46  Probe  
  30  3:47  Assimilator  
  32  3:52  Probe  
  32  3:54  Probe  
  33  4:01  Zealot  
  36  4:03  Probe  
  37  4:16  Pylon  
  37  4:20  Probe  
  37  4:21  Void Ray  
  37  4:22  Probe  
  37  4:23  Photon Cannon  
  39  4:28  Probe  
  44  4:44  Assimilator  
  44  4:47  Probe  
  44  4:52  Protoss Air Weapons Level 1  
  45  4:59  Twilight Council  
  45  5:08  Gateway  
  45  5:09  Void Ray  
  49  5:15  Gateway  
  49  5:36  Nexus  
  49  5:43  Zealot  
  49  5:44  Probe  
  49  5:45  Void Ray  
  49  5:47  Probe  
  53  5:52  Probe  
  58  6:05  Charge  
  58  6:16  Stargate  
  56  6:22  Stargate  
  56  6:25  Void Ray  
  58  6:46  Warp Gate  
  60  6:47  Sentry  
  60  7:01  Probe  
  61  7:02  Assimilator  
  61  7:07  Assimilator  
  61  7:13  Probe  
  62  7:24  Pylon  
  62  7:25  Probe  
  63  7:33  Pylon, Void Ray  
  63  7:40  Templar Archives  
  67  7:45  Dark Shrine  
  67  7:47  Zealot x2  
  71  7:55  Void Ray  
  75  8:14  Probe  
  76  8:29  Nexus  
  76  8:31  Pylon  
  76  8:32  Void Ray  
  76  8:35  Assimilator  
  76  8:39  Assimilator  
  76  8:41  Void Ray  
  76  8:43  Nexus  
  76  8:46  Pylon  
  80  8:49  Assimilator  
  80  8:53  Pylon  
  84  8:56  Pylon  
  84  9:01  Pylon  
  82  9:21  Void Ray  
  82  9:22  Photon Cannon  
  82  9:24  Photon Cannon  
  82  9:28  Photon Cannon  
  82  9:31  Protoss Air Armor Level 1  
  86  9:47  Pylon  
  86  10:03  High Templar x2  
  86  10:05  High Templar  
  92  10:09  Void Ray  
  92  10:17  Psionic Storm  
  96  10:26  Blink  
  96  10:34  Probe  
  97  10:36  Probe  
  97  10:42  Assimilator  
  98  10:47  Probe  
  99  10:50  Photon Cannon  
  99  11:01  High Templar  
  99  11:02  High Templar  
  99  11:03  High Templar  
  105  11:23  Void Ray  
  105  11:24  Void Ray x2  
  115  11:52  High Templar x3  
  121  12:01  Fleet Beacon  
  121  12:07  Robotics Facility  
  121  12:25  Dark Templar x2  
  121  12:26  Dark Templar  
  101  13:05  Dark Templar x2  
  67  13:06  Dark Templar  
Show
View Real Time Build Order
Export as new Build Order

Throwfordays Protoss 

Build Orders: 1 Gate Expand 

Get SALT Encoding   

  12  0:01  Probe  
  13  0:13  Probe  
  14  0:20  Pylon  
  14  0:25  Probe  
  15  0:38  Gateway  
  15  0:40  Probe  
  16  0:47  Assimilator  
  16  1:10  Probe  
  17  1:22  Probe  
  17  1:25  Cybernetics Core  
  18  1:34  Probe  
  19  1:41  Nexus  
  19  1:47  Probe  
  19  1:53  Warp Gate  
  20  1:54  Assimilator  
  20  2:02  Pylon  
  20  2:05  Stalker  
  22  2:16  Probe  
  23  2:28  Probe  
  24  2:40  Probe  
  25  2:44  Gateway  
  25  2:45  Gateway  
  25  2:56  Probe  
  25  2:57  Probe  
  27  3:08  Probe  
  27  3:09  Probe  
  29  3:20  Probe  
  29  3:21  Probe  
  31  3:32  Probe  
  31  3:33  Probe  
  33  3:44  Probe  
  33  3:45  Probe  
  35  3:54  Assimilator, Stalker x2  
  39  3:56  Probe  
  39  3:58  Probe  
  39  3:59  Assimilator  
  41  4:02  Stalker  
  41  4:08  Probe  
  44  4:10  Probe  
  44  4:15  Pylon  
  45  4:19  Nexus  
  45  4:23  Assimilator  
  45  4:28  Assimilator, Probe  
  46  4:33  Probe  
  47  4:41  Probe  
  48  4:46  Probe  
  49  4:58  Probe  
  50  5:02  Probe  
  50  5:03  Pylon  
  50  5:06  Pylon  
  51  5:10  Pylon  
  51  5:12  Forge  
  51  5:13  Forge  
  51  5:15  Probe  
  51  5:16  Stalker  
  51  5:20  Gateway  
  54  5:27  Twilight Council, Probe  
  55  5:29  Protoss Ground Weapons Level 1  
  55  5:32  Protoss Shields Level 1  
  55  5:33  Stargate, Probe  
  56  5:36  Probe  
  58  5:42  Probe  
  58  5:45  Probe  
  58  5:49  Probe  
  60  5:50  Stalker  
  60  5:55  Probe  
  63  5:58  Probe  
  63  5:59  Blink  
  63  6:01  Probe  
  65  6:07  Probe  
  65  6:10  Probe  
  67  6:12  Stalker x2  
  67  6:13  Probe  
  67  6:14  Stalker  
  74  6:22  Probe  
  74  6:25  Probe  
  76  6:39  Probe  
  77  6:51  Probe  
  78  6:57  Stalker x2  
  78  6:58  Stalker x2  
  86  7:03  Probe  
  86  7:07  Templar Archives  
  87  7:11  Dark Shrine  
  87  7:14  Protoss Ground Weapons Level 2  
  87  7:15  Protoss Shields Level 2  
  87  7:28  Protoss Air Weapons Level 1  
  87  7:52  Psionic Storm  
  87  7:57  Void Ray  
  91  8:00  Resonating Glaives  
  91  8:02  Pylon  
  91  8:05  Pylon  
  91  8:09  Pylon  
  91  8:12  Pylon  
  91  8:14  Pylon  
  91  8:17  Pylon  
  91  8:20  Pylon  
  91  8:24  Pylon  
  91  8:27  Pylon, Dark Templar x4  
  91  8:29  Pylon  
  99  8:40  Void Ray  
  103  8:55  Stargate  
  103  8:58  Stargate  
  103  9:01  Stargate  
  103  9:17  High Templar x2  
  103  9:22  Void Ray, High Templar  
  113  9:30  High Templar  
  115  9:35  Protoss Shields Level 3  
  115  9:36  Protoss Ground Weapons Level 3  
  115  9:40  Charge  
  109  10:05  Void Ray  
  111  10:23  Fleet Beacon  
  111  10:52  Protoss Air Weapons Level 2  
  111  10:59  Void Ray  
  111  11:00  Void Ray x3  
  127  11:20  Zealot x2  
  127  11:21  Zealot x2  
  135  11:36  Void Ray  
  135  11:43  Void Ray x3  
  151  12:15  Void Ray  
  151  12:18  Zealot x3  
  151  12:19  Zealot  
  163  12:25  Void Ray x2  
  171  12:35  Pylon  
  171  12:37  Pylon  
  171  12:39  Pylon  
  171  12:40  Zealot  
  171  12:41  Pylon  
  171  12:43  Pylon  
  173  12:45  Pylon  
Show
View Real Time Build Order
Export as new Build Order

XxDepravity Zerg - Winner!

Build Orders: Hatch First 

Get SALT Encoding   

  12  0:01  Drone  
  13  0:14  Drone  
  13  0:17  Overlord  
  14  0:38  Drone x2  
  14  0:42  Drone  
  17  1:02  Drone  
  17  1:03  Drone  
  19  1:04  Hatchery  
  18  1:16  Extractor  
  18  1:18  Spawning Pool  
  16  1:21  Drone  
  16  1:24  Drone  
  18  1:33  Drone  
  19  1:43  Overlord  
  19  1:56  Drone  
  20  2:08  Queen, Zergling x2  
  23  2:20  Queen  
  23  2:21  Zergling x2  
  23  2:22  Drone  
  27  2:40  Metabolic Boost  
  27  3:01  Hatchery  
  27  3:02  Drone  
  27  3:03  Drone x5  
  32  3:11  Baneling Nest  
  31  3:13  Drone  
  31  3:16  Overlord  
  31  3:28  Zergling x4  
  31  3:29  Zergling x4  
  31  3:33  Drone  
  36  3:34  Overlord  
  36  3:37  Zergling x2, Drone  
  38  3:49  Lair  
  38  3:53  Drone, Overlord  
  39  4:01  Drone  
  39  4:02  Drone  
  41  4:06  Roach Warren  
  40  4:10  Queen  
  40  4:15  Queen  
  44  4:19  Zergling x2  
  45  4:30  Drone x2  
  45  4:31  Drone x4  
  51  4:33  Overlord  
  51  4:57  Drone x3  
  51  4:58  Drone x8  
  62  5:01  Extractor  
  62  5:05  Drone  
  62  5:06  Drone  
  63  5:18  Hatchery, Roach x3  
  68  5:21  Overlord  
  68  5:22  Drone  
  71  5:28  Roach x2  
  71  5:29  Overlord  
  71  5:33  Glial Reconstitution  
  73  5:42  Baneling x3  
  73  5:43  Baneling  
  73  5:44  Zergling x2  
  73  5:45  Zergling x14  
  81  6:00  Drone x9  
  90  6:04  Overlord x2  
  90  6:05  Overlord x2  
  89  6:25  Evolution Chamber  
  89  6:27  Evolution Chamber  
  87  6:38  Roach x6  
  100  6:40  Drone x10, Overlord  
  109  6:47  Extractor  
  109  6:51  Extractor  
  109  6:52  Hydralisk Den  
  107  6:54  Zergling x4, Overlord x2  
  107  6:55  Zergling x2  
  109  7:04  Spore Crawler  
  108  7:17  Extractor  
  108  7:18  Spore Crawler  
  108  7:20  Roach x3  
  108  7:21  Spore Crawler, Extractor, Hydralisk x4  
  118  7:23  Overlord  
  118  7:27  Drone  
  119  7:42  Drone x2  
  119  7:43  Drone x4  
  119  7:44  Drone x2  
  127  7:53  Zerg Melee Weapons Level 1  
  127  7:54  Zergling x2, Zerg Missile Weapons Level 1  
  127  7:55  Zergling x10, Hydralisk x2  
  137  7:59  Overseer  
  137  8:13  Infestation Pit  
  136  8:24  Spine Crawler  
  135  8:31  Overlord x3  
  135  8:36  Spire  
  134  8:42  Queen x3  
  134  8:43  Queen  
  134  8:44  Hydralisk x3  
  134  8:45  Hydralisk x5  
  134  8:48  Overlord x3  
  158  8:52  Muscular Augments  
  158  8:54  Tunneling Claws  
  158  9:23  Hive  
  158  9:25  Burrow  
  158  9:30  Pneumatized Carapace  
  158  9:48  Corruptor x4  
  158  9:49  Corruptor  
  158  9:50  Zergling x2  
  158  9:51  Zergling x24  
  181  10:19  Mutalisk x4  
  189  10:46  Zerg Melee Weapons Level 2  
  189  10:49  Hatchery, Zerg Missile Weapons Level 2  
  188  10:51  Ultralisk Cavern  
  188  10:52  Extractor  
  188  10:53  Extractor  
  185  11:15  Baneling x6  
  185  11:43  Ultralisk x2  
  185  11:44  Zergling x2  
  185  11:45  Zergling x4  
  200  11:54  Anabolic Synthesis  
  200  11:55  Nydus Network  
  190  13:03  Nydus Canal  
Show
View Real Time Build Order
Export as new Build Order

Nightmare Protoss - Winner!

Build Orders: Carriers 

Get SALT Encoding   

  1  0:00  Probe  
  12  0:05  Probe  
  14  0:15  Probe  
  15  0:24  Pylon  
  15  0:42  Probe  
  16  0:43  Gateway  
  16  0:50  Forge  
  16  0:54  Probe  
  17  1:06  Probe  
  18  1:13  Assimilator  
  19  1:18  Probe  
  19  1:30  Probe  
  19  1:32  Cybernetics Core  
  20  1:51  Pylon  
  20  1:56  Probe  
  21  2:11  Nexus  
  21  2:16  Assimilator  
  21  2:27  Photon Cannon  
  21  2:29  Probe  
  22  2:40  Probe  
  22  2:41  Stargate  
  23  2:49  Probe  
  23  2:50  Pylon  
  23  2:57  Probe  
  25  3:08  Probe  
  25  3:09  Stargate  
  26  3:18  Probe  
  26  3:19  Probe  
  26  3:20  Assimilator  
  26  3:25  Assimilator  
  26  3:26  Probe  
  28  3:27  Probe  
  30  3:34  Probe  
  30  3:37  Probe  
  32  3:42  Void Ray  
  32  3:46  Probe  
  37  3:49  Probe  
  38  3:58  Probe  
  38  4:01  Probe  
  40  4:08  Void Ray  
  44  4:10  Probe  
  44  4:13  Probe  
  46  4:22  Probe  
  47  4:24  Void Ray  
  47  4:25  Probe  
  47  4:28  Pylon  
  52  4:33  Pylon  
  52  4:35  Probe  
  52  4:37  Probe  
  54  4:43  Pylon  
  54  4:47  Probe  
  54  4:49  Probe  
  56  4:55  Void Ray  
  56  4:59  Probe  
  61  5:03  Stargate  
  61  5:10  Protoss Air Weapons Level 1  
  61  5:12  Void Ray  
  65  5:31  Pylon  
  65  5:38  Void Ray  
  69  5:49  Void Ray  
  73  5:50  Nexus  
  73  5:54  Pylon  
  73  6:02  Pylon  
  73  6:05  Void Ray  
  77  6:21  Void Ray  
  81  6:28  Robotics Facility  
  81  6:44  Void Ray  
  85  6:49  Protoss Air Armor Level 1  
  85  6:56  Probe  
  85  6:57  Fleet Beacon, Probe  
  85  6:59  Assimilator, Probe  
  87  7:04  Assimilator  
  87  7:05  Probe x2  
  87  7:08  Probe  
  88  7:14  Probe x2  
  91  7:17  Cybernetics Core  
  91  7:18  Probe  
  91  7:19  Observer  
  91  7:21  Pylon  
  95  7:25  Probe x2  
  97  7:30  Probe  
  97  7:33  Probe x2  
  97  7:34  Protoss Air Weapons Level 2  
  98  7:39  Void Ray  
  98  7:41  Probe x2  
  98  7:42  Void Ray, Probe  
  109  7:48  Pylon  
  111  7:54  Void Ray, Probe  
  116  8:16  Assimilator, Protoss Air Armor Level 2  
  116  8:21  Pylon  
  116  8:23  Void Ray  
  116  8:26  Nexus  
  120  8:29  Void Ray  
  120  8:30  Pylon  
  124  8:50  Carrier  
  124  8:53  Pylon  
  124  8:55  Pylon, Probe x3  
  133  9:07  Probe  
  134  9:22  Carrier  
  140  9:34  Assimilator  
  140  9:35  Carrier  
  140  9:37  Protoss Air Weapons Level 3  
  146  9:42  Stargate  
  140  10:05  Protoss Shields Level 1, Probe  
  140  10:06  Probe x3  
  144  10:10  Carrier  
  150  10:18  Probe  
  151  10:21  Robotics Bay  
  151  10:25  Pylon  
  151  10:27  Pylon  
  151  10:28  Mothership  
  151  10:30  Pylon  
  151  10:32  Pylon  
  151  10:38  Pylon  
  151  10:40  Pylon  
  151  10:41  Protoss Air Armor Level 3  
  159  10:47  Carrier  
  165  11:05  Twilight Council  
  165  11:30  Pylon  
  165  11:35  Pylon  
  165  11:39  Pylon  
  165  11:44  Carrier  
  165  11:45  Carrier  
  177  11:48  Pylon  
  177  11:52  Pylon, Carrier  
  183  11:57  Pylon  
  183  12:01  Pylon  
  183  12:07  Carrier  
  189  12:10  Pylon  
  189  12:14  Pylon  
  189  12:16  Pylon  
  189  12:19  Pylon  
  189  12:21  Nexus  
  189  12:25  Assimilator  
  189  12:30  Assimilator  
  195  12:52  Nexus  
  195  12:54  Pylon  
  195  12:59  Pylon  
  195  13:01  Pylon  
Tags
 
Add a new tag
Caveats
  • Supply blocks, unpowered buildings, or Contaminate may cause inaccurate times.
  • Supply counts are checked every 10 seconds.